 Dungeon Crawl Stone Soup version 0.19-a0-1743-g6dcb786 (webtiles) character file.

12884 rgaf the Transmogrifier (level 12, -10/102 HPs)
             Began as a Merfolk Transmuter on Oct 2, 2016.
             Was an Elder of Cheibriados.
             Mangled by a freezing wraith (11 damage)
             ... led by a death knight
             ... on level 11 of the Dungeon.
             The game lasted 00:28:13 (15496 turns).

rgaf the Transmogrifier (Merfolk Transmuter)       Turns: 15496, Time: 00:28:14

Health: -10/102    AC: 10    Str: 20    XL:     12   Next: 0%
Magic:  17/22      EV: 13    Int: 26    God:    Cheibriados [****..]
Gold:   521        SH:  0    Dex: 21    Spells: 4 memorised, 12 levels left

rFire  . . .     SeeInvis .       - Unarmed
rCold  . . .     Gourm    .     r - +0 leather armour {MR+}
rNeg   . . .     Faith    .     (shield currently unavailable)
rPois  +         Spirit   .     l - +2 helmet
rElec  .         Dismiss  .     (no cloak)
rCorr  .         Reflect  .     (gloves currently unavailable)
MR     +....     Harm     .     n - +0 pair of boots
Stlth  ++........               (no amulet)
                                H - +3 ring of protection
                                j - ring of poison resistance

@: blade hands, very slow
A: change form in water, swift swim, stealthy swim, clumsy 1, robust 1, subdued
magic 1
a: End Transformation, Bend Time, Temporal Distortion, Slouch, Renounce Religion


You were on level 11 of the Dungeon.
You worshipped Cheibriados.
Cheibriados was greatly pleased with you.
You were not hungry.
You had blades for hands.
You visited 1 branch of the dungeon, and saw 11 of its levels.
You also visited: Ossuary.

You collected 521 gold pieces.

Inventory:

Missiles
 a - 315 arrows
Armour
 b - a +0 robe
 l - a +2 helmet (worn)
 n - a +0 pair of boots (worn)
 p - a +1 robe of positive energy
 r - a +0 leather armour of magic resistance (worn)
 w - a +1 ring mail of cold resistance
 A - a cursed +0 pair of gloves (melded)
Jewellery
 j - a ring of poison resistance (left scythe-like blade)
 y - an uncursed ring of flight
 H - a +3 ring of protection (right scythe-like blade)
 L - the ring of Wetuf {rF+ Int+3, unknown}
   (You took it off an orc on level 9 of the Dungeon)

   [ring of protection from fire]

   It affects your intelligence (+3).
   It protects you from fire.
 M - an uncursed ring of positive energy {unknown}
Wands
 q - a wand of polymorph (10/24)
 B - a wand of flame (2/48)
 J - a wand of digging (13/24)
Scrolls
 e - 6 scrolls of teleportation
 g - 4 scrolls of remove curse
 i - 3 scrolls of magic mapping
 o - 5 scrolls of blinking
 s - a scroll of fog
 u - a scroll of fear
 z - a scroll of amnesia
 K - a scroll of enchant weapon
 O - a scroll of identify
Potions
 f - 8 potions of curing
 h - 4 potions of heal wounds
 k - a potion of brilliance
 x - a potion of might
 D - a potion of agility
 E - a potion of degeneration {unknown}
 G - a potion of lignification {unknown}
Books
 c - a book of Changes

   Spells                             Type                      Level
   a - Beastly Appendage              Transmutation                1
   b - Sticks to Snakes               Transmutation                2
   c - Spider Form                    Transmutation/Poison         3
   d - Ice Form                       Ice/Transmutation            4
   e - Blade Hands                    Transmutation                5
 m - a book of Minor Magic

   Spells                             Type                      Level
   a - Magic Dart                     Conjuration                  1
   b - Blink                          Translocation                2
   c - Call Imp                       Summoning                    2
   d - Repel Missiles                 Charms/Air                   2
   e - Slow                           Hexes                        2
   f - Conjure Flame                  Conjuration/Fire             3
   g - Mephitic Cloud                 Conjuration/Poison/Air       3
 C - a book of Clouds

   Spells                             Type                      Level
   a - Mephitic Cloud                 Conjuration/Poison/Air       3
   b - Conjure Flame                  Conjuration/Fire             3
   c - Poisonous Cloud                Conjuration/Poison/Air       6
   d - Freezing Cloud                 Conjuration/Ice/Air          6
   e - Ring of Flames                 Charms/Fire                  7
Comestibles
 d - 9 bread rations
 t - 5 meat rations
 v - 8 slices of pizza
 F - a beef jerky
 I - 11 fruits
 N - 4 chunks of flesh


   Skills:
 + Level 8.2 Fighting
 - Level 2.6 Dodging
 + Level 12.7 Unarmed Combat
 + Level 7.1 Spellcasting
 * Level 13.6 Transmutations


You had 12 spell levels left.
You knew the following spells:

 Your Spells              Type           Power        Failure   Level  Hunger
a - Beastly Appendage     Tmut           ######       3%          1    None
b - Spider Form           Tmut/Pois      ####......   14%         3    None
c - Ice Form              Ice/Tmut       ####....     28%         4    ###....
d - Blade Hands           Tmut           ######....   12%         5    #####..


Dungeon Overview and Level Annotations

Branches:
Dungeon (11/15)            Temple (0/1) D:5            Lair (0/6) D:10
    Orc (0/2) D:9

Altars:
Cheibriados
Dithmenos
Elyvilon
Kikubaaqudgha
Trog
Vehumet
Xom
Zin

Shops:
D:7 =


Innate Abilities, Weirdness & Mutations

You revert to your normal form in water.
You are very nimble and swift while swimming.
You are very stealthy in the water.
You are clumsy. (Dex -2)
You are robust. (+10% HP)
Your spells are a little easier to cast, but a little less powerful.


Message History

You have reached level 12!
Your experience leads to an increase in your attributes!
Your base attributes are Str 11, Int 16, Dex 14.
Increase (S)trength, (I)ntelligence, or (D)exterity?
You feel clever. Something hits you. Something hits you but does no damage.
Something hits you but does no damage. Something hits you.
The freezing wraith hits you but does no damage. x2
A freezing wraith comes into view.
The freezing wraith hits you. The freezing wraith freezes you!!
* * * LOW HITPOINT WARNING * * *
The freezing wraith hits you.
* * * LOW HITPOINT WARNING * * *
The freezing wraith hits you.
* * * LOW HITPOINT WARNING * * *
The freezing wraith freezes you!!
* * * LOW HITPOINT WARNING * * *
The freezing wraith hits you!
You die...

#.# ......######. #.#
#.........##. #.#
#.........##.
#.####.........##.##
#.........#### #...
#########)####.##..########
#####).....##..........
#...[#########.########
#....'...†.@W.........
#....#########.#######
#....# ..# #....# ###
#....# #....# ###.## #.


You could see a freezing wraith.

Vanquished Creatures
  A hydra (D:8)
  A hill giant (D:10)
  A wolf spider zombie (D:10)
  A centaur skeleton (D:10)
  The ghost of rgaf the Insei, a novice MfTm (D:5)
  A freezing wraith (D:11)
  2 trolls (D:10)
  The ghost of rgaf the Insei, an amateur MfTm (D:3)
  2 dream sheep (D:8)
  A wraith (D:10)
  10 yaks
  4 hungry ghosts
  A wyvern (D:10)
  Menkaure (D:7)
  3 wargs (D:10)
  Duvessa (D:5)
  A water moccasin (D:9)
  A black bear (D:7)
  2 ice beasts
  8 orc warriors
  A phantom (D:9)
  A sky beast (D:10)
  8 ogres
  5 centaurs
  5 big kobolds
  12 bullfrogs
  Blork the orc (D:5)
  2 wyvern zombies (D:10)
  Dowan (D:5)
  3 scorpions
  A water moccasin skeleton (D:8)
  4 wights
  4 killer bees (D:9)
  2 electric eels (D:9)
  8 howler monkeys
  5 crimson imps
  2 bullfrog zombies
  A wasp zombie (D:8)
  3 hounds
  2 jellies
  4 centaur zombies
  14 orc priests
  11 orc wizards
  3 iguanas
  8 worker ants
  3 big kobold zombies (Ossuary)
  2 hound skeletons
  4 mummies (Ossuary)
  A worker ant zombie (D:7)
  11 gnolls
  5 adders
  2 shadow imps
  4 oozes
  An adder zombie (D:8)
  4 worms
  A dart slug (D:3)
  8 leopard geckos
  50 orcs
  4 ball pythons
  4 giant cockroaches
  6 goblins
  6 hobgoblins
  19 jackals
  16 kobolds
  4 quokkas
  8 bats
  4 frilled lizards
  3 hobgoblin zombies (Ossuary)
  2 jackal skeletons
  2 quokka zombies
  6 rats
335 creatures vanquished.

Vanquished Creatures (others)
  An orc wizard (D:5)
1 creature vanquished.

Grand Total: 336 creatures vanquished

Notes
Turn   | Place    | Note
-------+----------+-------------------------------------------
     0 | D:1      | rgaf the Merfolk Transmuter began the quest for the Orb.
     0 | D:1      | Reached XP level 1. HP: 15/15 MP: 3/3
   517 | D:1      | Reached XP level 2. HP: 21/21 MP: 5/5
   965 | D:2      | Reached XP level 3. HP: 21/26 MP: 6/6
  1094 | D:2      | Found a white marble altar of Elyvilon.
  1429 | D:2      | Reached skill level 5 in Unarmed Combat
  1459 | D:2      | Found an ancient bone altar of Kikubaaqudgha.
  1467 | D:2      | Found a shimmering altar of Xom.
  1472 | D:2      | Found a snail-covered altar of Cheibriados.
  1483 | D:2      | Found a radiant altar of Vehumet.
  1490 | D:2      | Found a glowing silver altar of Zin.
  1497 | D:2      | Found a shadowy altar of Dithmenos.
  1504 | D:2      | Found a bloodstained altar of Trog.
  1699 | D:3      | Reached XP level 4. HP: 21/32 MP: 7/7
  2357 | D:3      | Noticed rgaf's ghost (amateur MfTm)
  2387 | D:3      | Killed rgaf's ghost
  2387 | D:3      | Reached XP level 5. HP: 12/37 MP: 8/8
  2387 | D:3      | Reached XP level 6. HP: 14/43 MP: 9/9
  3307 | D:4      | Noticed an ice beast
  3410 | D:4      | Found a sand-covered staircase.
  3415 | Ossuary  | Entered an ossuary
  3438 | Ossuary  | Reached XP level 7. HP: 33/48 MP: 10/10
  4901 | D:4      | Reached skill level 10 in Unarmed Combat
  4901 | D:4      | Reached XP level 8. HP: 37/54 MP: 11/11
  5089 | D:4      | Gained mutation: Your spells are a little easier to cast, but a little less powerful. [potion of mutation]
  5089 | D:4      | Gained mutation: You are clumsy. (Dex -2) [potion of mutation]
  5089 | D:4      | Gained mutation: You are robust. (+10% HP) [potion of mutation]
  5097 | D:4      | Reached skill level 3 in Transmutations
  5684 | D:4      | Reached skill level 4 in Transmutations
  5862 | D:5      | Entered Level 5 of the Dungeon
  5890 | D:5      | Noticed Dowan
  5892 | D:5      | Noticed Duvessa
  5925 | D:5      | Killed Dowan
  5967 | D:5      | Learned a level 3 spell: Spider Form
  5972 | D:5      | Learned a level 4 spell: Ice Form
  6017 | D:5      | Reached skill level 5 in Transmutations
  6120 | D:5      | Noticed rgaf's ghost (novice MfTm)
  6137 | D:5      | Killed rgaf's ghost
  6137 | D:5      | Reached skill level 6 in Transmutations
  6137 | D:5      | Reached XP level 9. HP: 28/70 MP: 12/14
  6724 | D:5      | Killed Duvessa
  6729 | D:5      | Reached skill level 7 in Transmutations
  7248 | D:5      | Found a staircase to the Ecumenical Temple.
  7491 | D:6      | Noticed Blork the orc
  7513 | D:5      | Killed Blork the orc
  7606 | D:6      | Reached skill level 8 in Transmutations
  7977 | D:6      | Learned a level 5 spell: Blade Hands
  8050 | D:6      | Found an ancient bone altar of Kikubaaqudgha.
  8567 | D:7      | Noticed Menkaure
  8849 | D:7      | Reached skill level 5 in Fighting
  8896 | D:6      | Reached skill level 9 in Transmutations
  8983 | D:7      | Reached XP level 10. HP: 78/81 MP: 16/16
  8996 | D:7      | Found Qomynu's Jewellery Boutique.
  9239 | D:7      | Killed Menkaure
  9750 | D:8      | Reached skill level 10 in Transmutations
  9934 | D:8      | Reached skill level 5 in Spellcasting
 10314 | D:8      | Noticed a two-headed hydra
 10322 | D:8      | Killed a two-headed hydra
 10322 | D:8      | Reached skill level 11 in Transmutations
 11342 | D:2      | Became a worshipper of Cheibriados the Contemplative
 12043 | D:9      | Reached XP level 11. HP: 85/91 MP: 13/19
 12046 | D:9      | Reached * piety under Cheibriados
 12229 | D:9      | Reached skill level 12 in Transmutations
 12633 | D:9      | Reached ** piety under Cheibriados
 12808 | D:9      | Got a coiled golden ring
 13126 | D:9      | Found a staircase to the Orcish Mines.
 13191 | D:10     | Entered Level 10 of the Dungeon
 13591 | D:10     | Found a glowing silver altar of Zin.
 13634 | D:10     | Reached *** piety under Cheibriados
 13677 | D:10     | Found a staircase to the Lair.
 14009 | D:10     | Noticed a hill giant
 14012 | D:10     | Killed a hill giant
 14012 | D:10     | Reached skill level 13 in Transmutations
 14739 | D:10     | Reached **** piety under Cheibriados
 15492 | D:11     | Reached XP level 12. HP: 57/102 MP: 16/22
 15496 | D:11     | HP: 1/102 [freezing wraith[a death knight] (22)]
 15496 | D:11     | Mangled by a freezing wraith

Vault maps used:
D:1:      enne_arrival_octagon_isle
D:2:      elyvilon_altar_1, grunt_temple_overflow_octagram
D:4:      first_bread, enter_ossuary_2, kennysheep_pointless_box
D:5:      nrook_uturn, uniq_duvessa
D:6:      gup_sewer_entry_bowl, basic_altar, minivault_22,
          minmay_misc_feat_more_columns, glass_columns_b, uniq_blork_the_orc
D:7:      serial_shops, shop_fountains, uniq_menkaure
D:8:      grunt_ministairs_15, minmay_misc_feat_diagonals, hangedman_ranch
D:9:      erik_orc_2
D:10:     nicolae_whirlpool, erik_lair_orcish_takeover, basic_altar,
          kennysheep_generic_room_12
Ossuary:  ossuary_the_hunt_dpeg

Skill      XL: |  1  2  3  4  5  6  7  8  9 10 11 |
---------------+----------------------------------+-----
Unarmed Combat | 4 5 7 8 10 11 12 | 12.7
Transmutations | 6 9 11 13 | 13.6
Fighting       | 3 5 6 8 |  8.2
Spellcasting   | 3 4 5 7 |  7.1
Dodging        | |  2.6

Action                   |  1- 3 |  4- 6 |  7- 9 | 10-12 || total
-------------------------+-------+-------+-------+-------++-------
Melee: Unarmed           |   123 |   146 |   538 |   506 ||  1313
       Punch             |     2 |     7 |    20 |    28 ||    57
 Cast: Blade Hands       |       |       |       |    26 ||    26
       Ice Form          |       |       |       |     1 ||     1
Evoke: Wand              |       |     3 |     2 |     3 ||     8
  Use: Scroll            |       |     7 |     7 |     6 ||    20
       Potion            |       |       |     2 |       ||     2
 Stab: Sleeping          |     1 |     1 |     1 |     1 ||     4
       Distracted        |       |       |     1 |       ||     1
  Eat: Chunk             |     2 |     5 |    14 |    25 ||    46
       Bread ration      |       |       |     2 |       ||     2
       Pizza             |       |       |     1 |       ||     1
       Fruit             |       |       |       |     1 ||     1
Armor: Robe              |    34 |     2 |    37 |       ||    73
       Leather armour    |       |    34 |    39 |   132 ||   205
       Ring mail         |       |       |    59 |     4 ||    63
       Skin              |       |       |       |     3 ||     3
Dodge: Dodged            |    86 |    71 |   219 |   233 ||   609
